 Dungeon Crawl Stone Soup version 0.15-a0-1439-g2e54579 (webtiles) character file.

6185 DasRunzen the Fighter (level 10, 0/73 HPs)
             Began as a Demonspawn Chaos Knight on June 12, 2014.
             Was a Plaything of Xom.
             Slain by a yak (3 damage)
             ... on Level 8 of the Dungeon.
             The game lasted 00:35:51 (10911 turns).

DasRunzen the Fighter (Demonspawn Chaos Knight)    Turns: 10911, Time: 00:35:52

HP   0/73        AC 12     Str 18      XL: 10   Next: 60%
MP  10/10        EV  7     Int 14      God: Xom
Gold 381         SH  0     Dex 12      Spells:  0 memorised,  9 levels left

rFire  . . .     SeeInvis .     w - +0,+4 shortbow (chaos)
rCold  + . .     Clarity  .     r - +2 chain mail {rN+}
rNeg   + . .     rCorr    .     (no shield)
rPois  .         rRot     .     (helmet restricted)
rElec  .         Spirit   .     (no cloak)
SustAb .         Warding  .     (no gloves)
rMut   .         Rnd*Tele +     (no boots)
Gourm  .                        (no amulet)
MR     ++...                    (no ring)
                                A - ring of protection from magic

@: very resistant to hostile enchantments, extremely unstealthy
A: antennae 1, claws 2, talons 1, blink 1, cold resistance 1, frail 1, magic
resistance 1, powered by pain 2, slow metabolism 2, spit poison 1, strong 1,
teleportitis 1
a: Spit Poison, Blink, Renounce Religion


You were on level 8 of the Dungeon.
You worshipped Xom.
You were a favourite toy of Xom.
You were not hungry.

You visited 2 branches of the dungeon, and saw 10 of its levels.

You collected 455 gold pieces.
You spent 74 gold pieces at shops.

Inventory:

Hand weapons
 a - a +0,+2 falchion of chaos
 w - a +0,+4 shortbow of chaos (weapon)
 E - a +0,+1 shortbow of flaming
Missiles
 l - 10 arrows (quivered)
 y - 25 arrows of flame
Armour
 r - a +2 chain mail of positive energy (worn)
 t - a +0 plate armour
Magical devices
 b - a wand of fire (0)
 e - a wand of flame (16)
 n - a wand of polymorph (8)
 q - a wand of random effects (15)
 u - a wand of random effects (6)
 v - a wand of magic darts (7)
Comestibles
 c - 10 bread rations
 d - 6 meat rations
 f - 11 fruits
 i - 2 slices of pizza
 B - 4 chunks of crocodile flesh
 D - 6 beef jerkies
 J - a royal jelly
Scrolls
 h - 5 scrolls of identify
 j - 3 scrolls of fog
 o - 3 scrolls of recharging
 p - 2 scrolls of teleportation
 s - 6 scrolls of remove curse
 x - a scroll of fear
 H - a scroll of blinking
Jewellery
 A - a ring of protection from magic (left claw)
Potions
 k - a potion of restore abilities
 m - a potion of agility
 K - a potion of lignification
Books
 g - a book of Geomancy

   Spells                             Type                      Level
   Sandblast                          Earth                        1
   Stoneskin                          Transmutation/Earth          2
   Passwall                           Transmutation/Earth          3
   Stone Arrow                        Conjuration/Earth            3
   Petrify                            Transmutation/Earth          4
   Lee's Rapid Deconstruction         Earth                        5
 z - a book of Alchemy

   Spells                             Type                      Level
   Sublimation of Blood               Necromancy                   2
   Alistair's Intoxication            Transmutation/Poison         4
   Condensation Shield                Ice                          4
   Petrify                            Transmutation/Earth          4
   Ignite Poison                      Fire/Transmutation           5
 C - a book of Enchantments

   Spells                             Type                      Level
   Tukima's Dance                     Hexes                        3
   Cause Fear                         Hexes                        4
   Silence                            Hexes/Air                    5
   Deflect Missiles                   Charms/Air                   6
   Haste                              Charms                       6
   Discord                            Hexes                        8


   Skills:
 + Level 8.5 Fighting
 + Level 8.0 Long Blades
 + Level 6.6 Bows
 + Level 7.5 Armour
 - Level 3.1 Dodging


You had 9 spell levels left.
You didn't know any spells.

Dungeon Overview and Level Annotations

Branches:
Dungeon (9/15)             Temple (1/1) D:5            Lair (0/8) D:9
    Orc: D:9-12

Altars:
Ashenzari
Cheibriados
Dithmenos
Elyvilon
Fedhas
Gozag
Kikubaaqudgha
Makhleb
Nemelex Xobeh
Okawaru
Qazlal
Sif Muna
Trog
Vehumet
Xom
Yredelemnul
Zin
The Shining One

Shops:
D:7 !


Innate Abilities, Weirdness & Mutations

You have a pair of small antennae on your head.
You have very sharp fingernails.
You have sharp toenails.
You sometimes gain power by taking damage.
You can translocate small distances at will.
Your flesh is cold resistant.
You are frail (-10% HP).
You are resistant to hostile enchantments.
You need consume almost no food.
You can spit poison.
Your muscles are strong. (Str +2)
Space occasionally distorts in your vicinity.


Message History

Use which ability? (? or * to list)
Okay, then.
Drink which item? (? for menu, Esc to quit)
Okay, then.
Use which ability? (? or * to list)
You blink.
You feel slightly more hungry. The yak gores you but does no damage.
The yak gores you.
* * * LOW HITPOINT WARNING * * *
Unknown command.
Use which ability? (? or * to list)
You don't have enough health at the moment.
Use which ability? (? or * to list)
You don't have enough health at the moment.
The yak gores you but does no damage.
Drink which item? (? for menu, Esc to quit)
You feel better. The yak gores you!
* * * LOW HITPOINT WARNING * * *
The yak gores you.
You die...
Xom chortles!

#................# #.
####.....###############.
#........................
####>............(..........
#..#........#####...##......
#..#.#.#................##..
######..#.#.#....#######.##.###..
..........#.#.##Y# #....# #[#
#.####.##.#.#.##@# ###### #.# #.#
#........##.# #.# #.#
######(#.##.# #.#
#.######....#.##.# #.#
#...........#.##.######## #..
#########.#.#...........# ###
#.#.#...........#########
#...............##...(...
###.............##.......


You could see a yak.

Vanquished Creatures
  A two-headed ogre (D:8)
  Prince Ribbit (D:7)
  A troll (D:7)
  9 yaks
  A hippogriff (D:8)
  Eustachio (D:6)
  Edmund (D:6)
  A mottled dragon (D:7)
  3 orc warriors
  3 ice beasts
  A black bear (D:8)
  3 phantoms
  4 centaurs
  2 crocodiles
  4 ogres
  A gnoll sergeant (D:7)
  9 giant frogs
  3 porcupines (D:9)
  A scorpion (D:8)
  A hippogriff skeleton (D:8)
  2 goliath beetles (D:7)
  2 jellies
  A killer bee (D:7)
  2 crimson imps (D:8)
  3 hounds
  A quasit (D:5)
  A giant frog zombie (D:9)
  A centaur skeleton (D:5)
  2 orc priests
  A giant frog skeleton (D:7)
  5 orc wizards
  8 worker ants
  2 hound zombies
  2 green rats
  8 adders
  7 gnolls
  An inept feature mimic (D:2)
  4 shadow imps
  2 giant mites
  4 worms
  3 oozes
  11 orcs
  5 ball pythons
  4 giant cockroaches
  10 goblins
  13 hobgoblins
  2 jackals (D:1)
  10 kobolds
  15 bats
  A giant cockroach zombie (D:6)
  4 giant geckos
  A giant gecko skeleton (D:7)
  3 giant newts
  A hobgoblin skeleton (D:8)
  A hobgoblin zombie (D:6)
  2 orc zombies
  11 quokkas
  A quokka zombie (D:5)
  19 rats
227 creatures vanquished.

Vanquished Creatures (collateral kills)
  The ghost of cosh the Sneak, an average KoEn (D:4)
  4 killer bees (D:7)
5 creatures vanquished.

Vanquished Creatures (others)
  A crimson imp (D:8)
  A shadow imp (D:4)
2 creatures vanquished.

Grand Total: 234 creatures vanquished

Notes
Turn   | Place    | Note
--------------------------------------------------------------
     0 | D:1      | DasRunzen, the Demonspawn Chaos Knight, began the quest for the Orb.
     0 | D:1      | Reached XP level 1. HP: 18/18 MP: 1/1
    38 | D:1      | Reached skill level 1 in Dodging
   118 | D:1      | XOM: silly message
   143 | D:1      | Gained mutation: You have sharp toenails. [demonic ancestry]
   143 | D:1      | Reached XP level 2. HP: 16/24 MP: 2/2
   145 | D:1      | XOM: divination: detect items
   205 | D:1      | XOM: harmless Conj miscast
   360 | D:1      | XOM: silly message
   499 | D:1      | Gained mutation: Space occasionally distorts in your vicinity. [potion of mutation]
   499 | D:1      | Gained mutation: Your flesh is heat resistant. [potion of mutation]
   623 | D:2      | Gained mutation: You have sharp fingernails. [demonic ancestry]
   623 | D:2      | Reached XP level 3. HP: 20/29 MP: 3/3
   784 | D:2      | XOM: enchant monster (bad)
   931 | D:2      | XOM: 2-stop teleportation journey
   949 | D:2      | XOM: draining
  1037 | D:2      | Reached XP level 4. HP: 14/35 MP: 4/4
  1052 | D:2      | XOM: noise
  1588 | D:3      | XOM: give mutations
  1588 | D:3      | Gained mutation: You are clumsy. (Dex -2) [Xom's mischief]
  1588 | D:3      | Gained mutation: You have a slow metabolism. [Xom's mischief]
  2290 | D:3      | Noticed a phantom
  2300 | D:3      | XOM: polymorph bat -> green rat
  2304 | D:3      | Killed a phantom
  2304 | D:3      | Reached XP level 5. HP: 18/42 MP: 5/5
  2372 | D:3      | Found a deep blue altar of Sif Muna.
  2376 | D:3      | Found a shattered altar of Ashenzari.
  2381 | D:3      | Found a glowing silver altar of Zin.
  2493 | D:3      | Found a white marble altar of Elyvilon.
  2497 | D:3      | Found a radiant altar of Vehumet.
  2533 | D:3      | XOM: mild Chrm miscast
  2578 | D:4      | Noticed cosh's ghost (average KoEn)
  2579 | D:4      | XOM: torment (21/42 hp)
  2681 | D:4      | Reached skill level 4 in Fighting
  2835 | D:4      | Gained mutation: You have a pair of small antennae on your head. [demonic ancestry]
  2835 | D:4      | Reached XP level 6. HP: 20/48 MP: 6/6
  2919 | D:4      | XOM: mild Chrm miscast
  2949 | D:4      | Noticed a centaur
  2950 | D:4      | XOM: chaos upgrade
  2958 | D:4      | Killed a centaur
  3327 | D:4      | XOM: harmless Divn miscast
  3588 | D:4      | Noticed a phantom
  3608 | D:4      | XOM: medium Fire miscast
  3625 | D:4      | Killed a phantom
  3764 | D:4      | XOM: colour smoke trail
  3874 | D:4      | XOM: summons 6 friendly demons
  3901 | D:4      | Killed cosh's ghost
  3901 | D:4      | Reached skill level 1 in Bows
  3901 | D:4      | Gained mutation: You sometimes gain a little power by taking damage. [demonic ancestry]
  3901 | D:4      | Reached XP level 7. HP: 55/55 MP: 7/7
  3984 | D:4      | XOM: summons 3 hostile demons
  3985 | D:4      | Noticed a sixfirhy
  3985 | D:4      | Noticed a hellwing
  4136 | D:4      | XOM: summons 3 hostile demons
  4548 | D:4      | Lost mutation: You are clumsy. (Dex -2) [potion of beneficial mutation]
  4606 | D:5      | Entered Level 5 of the Dungeon
  4610 | D:5      | Found a staircase to the Ecumenical Temple.
  4643 | D:5      | XOM: polymorph crimson imp -> quasit
  4650 | Temple   | Entered the Ecumenical Temple
  4790 | D:5      | Reached skill level 5 in Fighting
  4809 | D:5      | Found an opulent altar of Gozag.
  4828 | D:5      | XOM: give mutations
  4828 | D:5      | Gained mutation: Armour fits poorly on your strangely shaped body. [Xom's mischief]
  4828 | D:5      | Gained mutation: You are weak. (Str -2) [Xom's mischief]
  4828 | D:5      | Gained mutation: You need consume almost no food. [Xom's mischief]
  4893 | D:5      | XOM: noise
  5024 | D:5      | XOM: colour smoke trail
  5025 | D:5      | XOM: give mutations
  5025 | D:5      | Gained mutation: You occasionally shout uncontrollably at your foes. [Xom's mischief]
  5025 | D:5      | Gained mutation: You are frail (-10% HP). [Xom's mischief]
  5025 | D:5      | Lost mutation: Armour fits poorly on your strangely shaped body. [Xom's mischief]
  5032 | D:5      | XOM: give mutation
  5032 | D:5      | Lost mutation: Your flesh is heat resistant. [Xom's mischief]
  5035 | D:5      | XOM: mild Hex miscast
  5218 | D:5      | Reached skill level 5 in Long Blades
  5263 | D:5      | XOM: medium Fire miscast
  5444 | D:5      | XOM: give mutations
  5444 | D:5      | Gained mutation: You are dopey. (Int -2) [Xom's mischief]
  5444 | D:5      | Lost mutation: You occasionally shout uncontrollably at your foes. [Xom's mischief]
  5444 | D:5      | Lost mutation: You are weak. (Str -2) [Xom's mischief]
  5842 | D:6      | Gained mutation: You have very sharp fingernails. [demonic ancestry]
  5842 | D:6      | Reached XP level 8. HP: 53/55 MP: 8/8
  5961 | D:6      | XOM: give mutations
  5961 | D:6      | Gained mutation: Your flesh is cold resistant. [Xom's grace]
  5961 | D:6      | Gained mutation: You can translocate small distances at will. [Xom's grace]
  6101 | D:6      | XOM: summons 2 friendly demons
  6134 | D:6      | Noticed Edmund
  6156 | D:6      | Killed Edmund
  6399 | D:6      | Reached skill level 5 in Armour
  7015 | D:6      | Reached skill level 6 in Fighting
  7125 | D:6      | Noticed Eustachio
  7133 | D:6      | XOM: cast spell 'Summon Butterflies'
  7136 | D:6      | Killed Eustachio
  7395 | D:6      | XOM: vitrification
  7508 | D:7      | XOM: confuse monster(s)
  7511 | D:7      | XOM: summons 8 friendly demons
  7519 | D:7      | Gained mutation: You sometimes gain power by taking damage. [demonic ancestry]
  7519 | D:7      | Reached XP level 9. HP: 48/63 MP: 9/9
  7580 | D:7      | Found a shimmering altar of Xom.
  7597 | D:7      | Noticed a troll
  7597 | D:7      | XOM: enchant monster (good)
  7602 | D:7      | Killed a troll
  7690 | D:7      | XOM: polymorph butterfly -> rat
  7740 | D:7      | XOM: destruction
  7863 | D:7      | XOM: cast spell 'Olgreb's Toxic Radiance'
  8169 | D:7      | Noticed Prince Ribbit
  8189 | D:7      | Killed Prince Ribbit
  8189 | D:7      | Reached skill level 7 in Fighting
  8458 | D:7      | Found Gealukir's Distillery.
  8470 | D:7      | Reached skill level 5 in Bows
  8490 | D:7      | Bought a potion of mutation for 37 gold pieces
  8490 | D:7      | Bought a potion of mutation for 37 gold pieces
  8491 | D:7      | Lost mutation: You need consume almost no food. [potion of mutation]
  8492 | D:7      | Lost mutation: You are dopey. (Int -2) [potion of mutation]
  8492 | D:7      | Gained mutation: You are resistant to hostile enchantments. [potion of mutation]
  8577 | D:7      | Gained mutation: You need consume almost no food. [potion of beneficial mutation]
  8650 | D:8      | XOM: harmless Ice miscast
  8858 | D:8      | XOM: medium Trmt miscast
  8982 | D:8      | XOM: 1-stop teleportation journey
  9153 | D:8      | Found a glowing golden altar of the Shining One.
  9251 | D:8      | XOM: cast spell 'Statue Form'
  9355 | D:8      | XOM: summons friendly shadow imp
  9357 | D:8      | XOM: summons friendly crimson imp
  9436 | D:8      | Reached XP level 10. HP: 63/72 MP: 10/10
  9659 | D:8      | XOM: harmless Fire miscast
  9893 | D:9      | XOM: divination: detect creatures
  9895 | D:9      | XOM: enchant monster (good)
  9896 | D:9      | XOM: confuse monster(s)
  9918 | D:8      | Reached skill level 8 in Fighting
  9921 | D:9      | XOM: divination: magic mapping
 10230 | D:8      | XOM: summons friendly crimson imp
 10238 | D:8      | XOM: potion effect (might)
 10253 | D:8      | XOM: mild Divn miscast
 10498 | D:8      | XOM: give mutations
 10498 | D:8      | Gained mutation: Your muscles are strong. (Str +2) [Xom's grace]
 10498 | D:8      | Gained mutation: You can spit poison. [Xom's grace]
 10627 | D:8      | XOM: colour smoke trail
 10710 | D:9      | Found a staircase to the Lair.
 10751 | D:9      | XOM: colour smoke trail
 10822 | D:9      | XOM: 5-stop teleportation journey
 10843 | D:9      | XOM: enchant monster (bad)
 10863 | D:8      | XOM: noise
 10879 | D:8      | XOM: harmless Erth miscast
 10883 | D:8      | XOM: potion effect (heal wounds)
 10889 | D:8      | XOM: enchant monster (bad)
 10895 | D:8      | XOM: silly message
 10907 | D:8      | HP: 2/73 [yak (1)]
 10911 | D:8      | Slain by a yak

Action                   |  1- 3 |  4- 6 |  7- 9 | 10-12 || total
-------------------------+-------+-------+-------+-------++-------
Melee: Falchion          |   113 |   166 |   356 |    62 ||   697
       Shortbow          |       |       |     6 |       ||     6
 Fire: Shortbow          |       |       |   192 |    75 ||   267
 Abil: Blink             |       |       |       |     8 ||     8
Evoke: Wand              |     1 |     5 |     4 |     3 ||    13
  Use: Scroll            |     4 |     9 |    10 |     2 ||    25
       Potion            |     1 |     1 |     6 |     1 ||     9
 Stab: Petrified         |     2 |       |     4 |     1 ||     7
       Petrifying        |     1 |       |       |       ||     1
       Paralysed         |       |     2 |     5 |    10 ||    17
